 Dungeon Crawl Stone Soup version 0.27.1-16-g815e20cd7a (webtiles) character file.

Game seed: 5430986946188588101

51 Descartes the Grasshopper (level 3, -2/16 HPs)
             Began as a Felid Warper on Nov 23, 2021.
             Killed from afar by Sigmund (6 damage)
             ... with a magic dart
             ... on level 2 of the Dungeon.
             The game lasted 00:03:03 (2597 turns).

Descartes the Grasshopper (Felid Warper)            Turns: 2597, Time: 00:03:04

Health: -2/16      AC:  1    Str:  8    XL:     3   Next: 58%
Magic:  7/7        EV: 18    Int: 14    God:
Gold:   42         SH:  0    Dex: 15    Spells: 6/6 levels left
                                        Lives:  0   Deaths: 0

rFire    . . .     SeeInvis +     - Unarmed
rCold    . . .     Faith    .   (shield unavailable)
rNeg     . . .     Spirit   .   (armour unavailable)
rPois    .         Reflect  .   (helmet unavailable)
rElec    .         Harm     .   (cloak unavailable)
rCorr    .         Rampage  .   (gloves unavailable)
Will     .....                  (boots unavailable)
Stlth    +.........             (no amulet)
HPRegen  0.05/turn              (no ring)
MPRegen  0.10/turn              (no ring)

@: quick
A: very small, claws 1, fangs 3, see invisible, speed 1, shaggy fur 1, stealthy
paws, no weapons or thrown items, no armour, multi-lived
a: no special abilities


You were on level 2 of the Dungeon.
You visited 1 branch of the dungeon, and saw 2 of its levels.

You collected 42 gold pieces.

Inventory:

Missiles
 h - 11 poisoned darts
Scrolls
 a - a scroll of blinking
 b - a scroll of identify {unknown}
 d - a scroll of torment {unknown}
 f - a scroll of acquirement {unknown}
 g - a scroll of brand weapon {unknown}
 i - a scroll of silence {unknown}
Potions
 c - 2 potions of brilliance {unknown}
 e - a potion of attraction {unknown}


   Skills:
 + Level 2.5 Fighting
 * Level 4.3 Dodging
 + Level 2.5 Unarmed Combat
 - Level 2.0 Spellcasting
 + Level 4.9 Translocations


You had 6 spell levels left.
You didn't know any spells.
Your spell library contained the following spells:

 Spells                   Type           Power      Damage    Failure   Level
 Blink                    Tloc           N/A        N/A       4%          2
 Gell's Gravitas          Tloc           7%         N/A       10%         3
 Lesser Beckoning         Tloc           7%         N/A       10%         3
 Teleport Other           Tloc           15%        N/A       10%         3
 Manifold Assault         Tloc           15%        N/A       65%         5


Dungeon Overview and Level Annotations

Branches:
Dungeon (2/15)

Altars:

Annotations:
D:2 Sigmund


Innate Abilities, Weirdness & Mutations

You have sharp claws.
You have razor-sharp teeth.
You have supernaturally acute eyesight. (SInv)
You cover ground quickly. (Speed+)
You are covered in fur. (AC +1)
Your paws help you pounce on unaware monsters.
You are incapable of wielding weapons or throwing items.
You cannot wear armour.
You gain extra lives every three experience levels.


Message History

No target in view!
No target in view!
No target in view!
No target in view!
No target in view!
No target in view!
No target in view!
No target in view!
A rat comes into view.
You see here 10 gold pieces.
You closely miss the rat. The rat closely misses you.
You scratch the rat.
You kill the rat!
No target in view!
No target in view!
No target in view!
No target in view!
No target in view!
No target in view!
No target in view!
No target in view!
No target in view!
No target in view!
No target in view!
You now have 30 gold pieces (gained 10).
c - 2 purple potions (gained 1)
Found 12 gold pieces.
You now have 42 gold pieces (gained 12).
Sigmund the Dreaded comes into view.
He is wielding a +0 scythe, wearing a +2 robe of fire resistance and carrying a wand of polymorph (6).
Sigmund shouts!
Sigmund gestures at you while chanting. The puff of flame hits you!
Ouch! That really hurt!
* * * LOW HITPOINT WARNING * * *
Sigmund casts a spell at you. The puff of flame misses you.
There is a stone staircase leading up here.
Sigmund casts a spell at you. The magic dart hits you.
You die...

#.#..........# #.##..# .###
#.#.....@....# #.##..#
...#####.#..........# #.##..#
.#.##....#..........# #.##..#####
....................# #.##.......
.................######.##..#####
.#.##.....####................#
.#.##.....# #...######.##.##.#
†.........####..@######.##.##.###
.#.#........##...................
.#.#........###..####...##.##....
.#.#.###....###..####...##.##.###
...#.###................##.##.###
........................##.......
.............................>...
..........#####..####...##.##.###
..........#####..####......##....


You could see Sigmund.

Vanquished Creatures
  2 adders (D:2)
  3 endoplasms
  A giant cockroach (D:1)
  4 goblins
  5 hobgoblins
  4 kobolds
  2 ball pythons
  5 bats (D:2)
  2 frilled lizards (D:1)
  4 rats
32 creatures vanquished.

Notes
Turn   | Place    | Note
-------+----------+-------------------------------------------
     0 | D:1      | Descartes the Felid Warper began the quest for the Orb.
     0 | D:1      | Reached XP level 1. HP: 9/9 MP: 4/4
   508 | D:1      | Reached XP level 2. HP: 13/13 MP: 6/6
  1660 | D:1      | Reached XP level 3. HP: 12/16 MP: 7/7
  2590 | D:2      | Noticed Sigmund
  2597 | D:2      | Killed from afar by Sigmund

Illustrated notes

Levels and vault maps discovered:
D:1:      lightli_arrival_flooded_house, layout_basic,
          chequers_serial_rivers_micro_a, feat_on_display
D:2:      layout_basic, uniq_sigmund

Skill      XL: |  1  2 |
---------------+-------+-----
Dodging        | 4 |  4.3
Fighting       | |  2.5
Unarmed Combat | |  2.5
Spellcasting   | |  2.0
Translocations | |  4.9

Action                   || total
-------------------------++-------
Melee: Unarmed           ||   105
       Bite              ||     8
       Punch             ||     1
 Stab: Sleeping          ||     1
Armor: Skin              ||    12
Dodge: Dodged            ||    93
